 Dungeon Crawl Stone Soup version 0.31-a0-167-g1c394c0614 (webtiles) character file.

Game seed: 4418325391647402812

181048 qw the Severer (level 18, 0/119 HPs)
             Began as a Gargoyle Fighter on June 14, 2023.
             Was an Elder of Okawaru.
             Slain by a spriggan rider
             ... wielding a +0 spear
             ... led by a spriggan druid
              (11 damage)
             ... on level 4 of the Swamp.
             The game lasted 00:14:10 (28337 turns).

qw the Severer (Gargoyle Fighter)                  Turns: 28337, Time: 00:14:10

Health: 0/119      AC: 51    Str: 29    XL:     18   Next: 29%
Magic:  25/25      EV: 13    Int:  6    God:    Okawaru [****..]
Gold:   1706       SH: 15    Dex: 15    Spells: 17/17 levels left

rFire   . . .        C - +6 broad axe "Tykicrela" {heavy, rElec}
rCold   + + +        k - +0 kite shield
rNeg    + . .        l - +0 plate armour
rPois   inf          c - +1 helmet of Paranoia {Drain rCorr Int+3}
rElec   +            r - +2 cloak
rCorr   +            e - +2 pair of gloves {Str+3}
SInv    .            p - +2 pair of boots of Proximity {Str+4}
Will    +....        v - amulet of faith Stlth
                     D - ring "Texying" {rC++ AC+4 Str-5 Int-3 Slay+6}
HPRegen 0.39/turn    i - ring "Ypoygrev" {+Blink rC+++ Int-4 Dex+6 Slay+3}
MPRegen 0.19/turn

%: faith
@: about to teleport, heroic, marked, flying
A: sickness immunity, AC +13, big wings, negative energy resistance 1,
electricity resistance, torment resistance 1, petrification resistance
a: Renounce Religion, Evoke Blink, Heroism, Finesse


You were on level 4 of the Swamp.
You worshipped Okawaru.
Okawaru was greatly pleased with you.
You visited 6 branches of the dungeon, and saw 30 of its levels.

You collected 2999 gold pieces.
You spent 1293 gold pieces at shops.


Innate Abilities, Weirdness & Mutations

You are immune to sickness and miasma.
Your stone body is resilient. (AC +13)
You are immune to poison.
Your large and strong wings let you fly.
You resist negative energy. (rN+)
You are resistant to electric shocks. (rElec)
You are resistant to unholy torment.
You are immune to petrification.


   Skills:
 - Level 15.0(20.0) Fighting
 - Level 18.0(23.0) Axes
 - Level 7.2(12.2) Throwing
 - Level 15.0(20.0) Armour
 - Level 6.0(11.0) Dodging
 + Level 14.4(19.4) Shields
 - Level 10.0 Invocations


You had 17 spell levels left.
You didn't know any spells.
Your spell library was empty.

Inventory:

Hand Weapons
 u - a +3 heavy broad axe
 C - the +6 broad axe "Tykicrela" (weapon) {heavy, rElec}
   (Okawaru gifted it to you on level 2 of the Swamp)

   rElec:     It insulates you from electricity.
Missiles
 t - 23 boomerangs
 G - 7 javelins
Armour
 b - +0 acid dragon scales
 c - the +1 helmet of Paranoia (worn) {Drain rCorr Int+3}
   (Okawaru gifted it to you on level 11 of the Dungeon)

   Int:       It affects your intelligence (+3).
   rCorr:     It protects you from acid and corrosion.
   Drain:     It drains your maximum health when unequipped.
 e - a +2 pair of gloves of strength (worn)
 j - the +1 helmet "Isaixola" {rC- Regen+ MP+9 Int-3}
   (Okawaru gifted it to you on level 14 of the Dungeon)

   Int:       It affects your intelligence (-3).
   rC:        It makes you vulnerable to cold.
   MP:        It affects your magic capacity (+9).
   Regen:     It increases your rate of health regeneration.
 k - a +0 kite shield (worn)
 l - a +0 plate armour (worn)
 p - the +2 pair of boots of Proximity (worn) {Str+4}
   (Okawaru gifted it to you on level 5 of the Lair of Beasts)

   Str:       It affects your strength (+4).
 r - a +2 cloak (worn)
 x - the +2 cloak of Ignis {rF- rN+ rCorr}
   (You bought it in a shop on level 2 of the Orcish Mines)

   rF:        It makes you vulnerable to fire.
   rN:        It protects you from negative energy.
   rCorr:     It protects you from acid and corrosion.
 B - a +3 scale mail of cold resistance
Jewellery
 i - the ring "Ypoygrev" (right hand) {+Blink rC+++ Int-4 Dex+6 Slay+3}
   (You acquired it on level 5 of the Dungeon)

   [ring of dexterity]

   Int:       It affects your intelligence (-4).
   Dex:       It affects your dexterity (+6).
   Slay:      It affects your accuracy & damage with ranged weapons and melee
   (+3).
   rC:        It renders you almost immune to cold.
   +Blink:    It lets you blink.
 s - a ring of resist corrosion
 v - an amulet of faith (around neck)
 D - the ring "Texying" (left hand) {rC++ AC+4 Str-5 Int-3 Slay+6}
   (You found it on level 13 of the Dungeon)

   [ring of protection]

   AC:        It affects your AC (+4).
   Str:       It affects your strength (-5).
   Int:       It affects your intelligence (-3).
   Slay:      It affects your accuracy & damage with ranged weapons and melee
   (+6).
   rC:        It greatly protects you from cold.
 E - a ring of fire
 F - a +5 ring of evasion
Scrolls
 a - 21 scrolls of identify
 g - 9 scrolls of teleportation
Potions
 d - 4 potions of might
 f - 3 potions of attraction
 h - 6 potions of mutation
 m - 2 potions of resistance
 n - 3 potions of haste
 o - 4 potions of cancellation
 q - 2 potions of lignification
 z - 9 potions of curing
 A - 2 potions of magic

Dungeon Overview and Level Annotations

Branches:
Dungeon (15/15)            Temple (1/1) D:6            Lair (5/5) D:10
  Swamp (4/4) Lair:2       Spider (3/4) Lair:2        Slime (0/5) Lair:4
    Orc (2/2) D:10            Elf (0/3) Orc:2        Vaults (0/5) D:14
 Depths (0/4) D:15

Altars:
Ashenzari
Cheibriados
Dithmenos
Elyvilon
Fedhas
Gozag
Hepliaklqana
Kikubaaqudgha
Makhleb
Nemelex Xobeh
Okawaru
Qazlal
Ru
Sif Muna
Trog
Uskayaw
Vehumet
Wu Jian
Xom
Yredelemnul
Zin
The Shining One
Jiyva

Shops:
D:4 ?   D:6 *   D:10 :   D:11 ?   Orc:2 [??*

Annotations:
D:3 1 runed translucent door, Crazy Yiuf
D:7 3 runed translucent doors, qw's ghost, novice GrHu; qw's ghost, novice MiHu; qw's ghost, novice NaHu
D:12 2 transporters
D:13 3 runed translucent doors
D:15 1 runed translucent door, MadAsgardian's ghost, journeyman TrMo
Swamp:4 1 transporter, qw's ghost, adept GrFi
Orc:2 2 transporters, qw's ghost, adept GrHu


Message History

A spriggan druid comes into view. It is wielding a +0 quarterstaff.
The spriggan rider barely misses you.
An alligator comes into view.
The swamp worm fires a harpoon shot at you.
The harpoon shot hits you.
You are yanked forward by the harpoon shot.
The bog body points at you and mumbles some strange words.
You resist with some effort.
The spriggan rider hits you with a +0 spear.
A six-headed hydra comes into view.
Qw's ghost whispers, "There is no future for you."
Enter note:
Enter note:
Enter note:
Enter note:
Enter note:
Enter note:
Enter note:
Enter note: You slice the bog body!!
The bog body is heavily damaged.
You carve the spriggan druid like a ham!!!
With its final breath, the spriggan druid offers up its power to the beasts of the wild!
The swamp worm seems to grow more fierce.
The swamp dragon seems to grow more fierce.
The goliath frog seems to grow more fierce.
The swamp dragon seems to grow more fierce.
The tyrant leech seems to grow more fierce.
The five-headed hydra seems to grow more fierce.
You kill the spriggan druid!
Okawaru accepts your kill.
You hear a splash. x2
You slice the spriggan rider!! You carve the swamp worm like a ham!!!
You kill the swamp worm!
Okawaru accepts your kill.
The goliath frog hits you but does no damage.
The spriggan rider hits you but does no damage.
You hear a crashing sound.
The spriggan rider hits you from afar with a +0 spear!
You die...

..## .##8 D7
77777..#i.
7~t777~~.7..#n.
777.i~¤$~~...#i#
7..~D~~~~~...#n.
7~.~~DD~~~...#F#.
7.wiii)@n¤..#Ww#..
77~~iii.....#ff...
777~$iww~F~~..##8(::
77....%)~~~~~...#####
7........~~~~.......^
7.7~.~.^.~~.~~.......
7(..~~~~¤..~..~~.~.~
777~~~~~~~..<..~~..7
7.~~~~~~<~777~7.~.


You could see a ghoul, a thorn hunter, a shambling mangrove, an alligator, a
six-headed hydra, a five-headed hydra (strong), 2 swamp dragons, 3 tyrant
leeches, 5 spriggan riders, a spriggan berserker, a spriggan air mage (repels
missiles), 2 spriggan druids, 2 goliath frogs, 2 bog bodies, a swamp worm, a
spriggan and qw's ghost.

Vanquished Creatures
  Mara (Swamp:3)
  Jorgrun (Swamp:2)
  A ghost moth (Spider:2)
  2 emperor scorpions
  2 broodmothers
  Nessos (D:14)
  4 bunyips
  2 eleionomae
  3 spark wasps (Spider:3)
  Josephine (Swamp:1)
  2 entropy weavers
  11 hydras
  4 catoblepae
  4 ogre magi
  3 jorogumos
  2 ghost crabs
  2 radroaches
  2 dancing weapons (D:14)
  5 centaur warriors
  5 boulder beetles
  7 alligators
  3 tengu warriors
  17 two-headed ogres
  Urug (Lair:4)
  A death scarab (Spider:1)
  5 death yaks
  5 demonic crawlers
  An orc high priest (Orc:2)
  Nergalle (D:11)
  A skyshark (Lair:5)
  2 goliath frogs
  2 pharaoh ants
  A flayed ghost (D:15)
  Sonja (D:11)
  Amaemon (D:9)
  A skeletal warrior (D:15)
  4 spriggan druids
  5 orb spiders
  2 deep trolls (Orc:2)
  A spark wasp zombie (D:15)
  A swamp dragon (Swamp:2)
  5 spectral wolf spiders (Spider:2)
  9 bog bodies
  A deep elf zephyrmancer (D:13)
  2 wolf spider zombies (Spider:2)
  A steelbarb worm (Spider:1)
  A necromancer (D:15)
  2 deep elf pyromancers
  17 wolf spiders
  9 cyclopes
  A stone giant zombie (D:15)
  2 manticores
  6 black mambas
  12 ugly things
  A moth of wrath (Spider:1)
  21 elephants
  Maurice (D:8)
  4 torpor snails
  2 gargoyles
  An orange demon (D:9)
  3 rime drakes
  Psyche (D:11)
  A kobold demonologist (D:11)
  2 efreet
  18 cane toads
  A freezing wraith (D:15)
  Maggie (Lair:2)
  12 komodo dragons
  A yaktaur (shapeshifter) (D:15)
  2 spriggan zombies (D:15)
  2 tengu conjurers (D:13)
  2 unseen horrors
  A guardian mummy (D:15)
  A troll (shapeshifter) (D:14)
  6 meliai
  7 polar bears
  10 trolls
  9 tyrant leeches
  2 bloated husks
  14 tarantellas
  3 wolf spider simulacra (Spider:2)
  13 hornets
  14 blink frogs
  A snapping turtle (shapeshifter) (D:14)
  16 dream sheep
  20 jumping spiders
  15 culicivoras
  16 slime creatures
  A shadow (D:10)
  3 wyverns
  A centaur simulacrum (D:14)
  43 yaks
  20 spriggans
  3 wraiths (Swamp:1)
  2 basilisks
  A fire elemental (D:15)
  2 steam dragons
  2 death yak simulacra (Lair:1)
  41 redbacks
  11 swamp worms
  3 acid dragons
  17 water moccasins
  20 orc warriors
  A swamp drake (Swamp:4)
  10 black bears
  Pargi (D:4)
  A sky beast (D:8)
  25 ogres
  29 wolves
  5 boggarts
  7 centaurs
  A phantom (D:6)
  10 bullfrogs
  3 kobold brigands
  2 scorpions
  10 wights
  3 electric eels
  8 howler monkeys
  2 lava snakes (D:15)
  3 hounds (D:5)
  2 jellies
  17 orc priests
  A sleepcap (D:4)
  3 iguanas
  3 hell rats (D:10)
  26 orc wizards
  2 polar bear simulacra (Lair:1)
  Robin (D:4)
  8 adders
  A white imp (D:5)
  An ufetubus (D:4)
  A worm (D:2)
  3 dart slugs
  59 orcs
  6 bats
  11 endoplasms
  2 giant cockroaches
  15 goblins
  13 hobgoblins
  3 jackals (D:2)
  18 kobolds
  5 quokkas
  7 ball pythons
  A frilled lizard (D:1)
  2 rats
915 creatures vanquished.

Vanquished Creatures (others)
  Mlioglotl (Spider:1)
1 creature vanquished.

Grand Total: 916 creatures vanquished

Notes
Turn   | Place    | Note
-------+----------+-------------------------------------------
     0 | D:1      | qw the Gargoyle Fighter began the quest for the Orb.
     0 | D:1      | Reached XP level 1. HP: 14/14 MP: 1/1
     0 | D:1      | 0 ||| qw: Version: 0.2-a-29-g1fa15c8
     0 | D:1      | 0 ||| qw: Game counter: 4918
     0 | D:1      | 0 ||| qw: Always use a shield: true
     0 | D:1      | 0 ||| qw: God list: Okawaru
     0 | D:1      | 0 ||| qw: Allow faded altars: false
     0 | D:1      | 0 ||| qw: Do Orc after D:15 true
     0 | D:1      | 0 ||| qw: Do second Lair branch before Depths: true
     0 | D:1      | 0 ||| qw: Lair rune preference: random
     0 | D:1      | 0 ||| qw: Plans: Normal, Zot:1-4, Slime:5, God:TSO, Crypt,
                  | Tomb, Abyss, Pan, Hells, Win
     0 | D:1      | 0 ||| PLANNING D:1-11
    49 | D:1      | Reached skill level 2 in Axes
    52 | D:1      | 52 ||| FLEEEEING.
    71 | D:1      | 71 ||| DROPPING +0 club.
    74 | D:1      | 74 ||| Stepping ~*~*~tactically~*~*~ (hiding).
    83 | D:1      | Reached XP level 2. HP: 16/19 MP: 2/2
   152 | D:1      | 152 ||| DROPPING +0 whip.
   427 | D:1      | Reached skill level 3 in Axes
   496 | D:1      | 496 ||| Stepping ~*~*~tactically~*~*~ (hiding).
   499 | D:1      | 499 ||| Stepping ~*~*~tactically~*~*~ (hiding).
   500 | D:1      | 500 ||| Stepping ~*~*~tactically~*~*~ (hiding).
   503 | D:1      | 503 ||| Stepping ~*~*~tactically~*~*~ (hiding).
   511 | D:1      | Reached XP level 3. HP: 23/23 MP: 3/3
   939 | D:1      | 939 ||| UPGRADING to +4 ring of protection.
   940 | D:1      | 940 ||| READING scroll labelled LOUCLO SUWK.
   941 | D:1      | 941 ||| READING scroll labelled KUHAGR PAFALO.
   942 | D:1      | 942 ||| READING scroll labelled FOODIA AKHLE.
   943 | D:1      | 943 ||| READING scroll labelled PEEZAS OMUOTTI.
   948 | D:1      | 948 ||| DRINKING 2 smoky golden potions.
  1326 | D:2      | 1326 ||| Stepping ~*~*~tactically~*~*~ (stealth).
  1340 | D:2      | Reached XP level 4. HP: 26/28 MP: 4/4
  1599 | D:2      | 1599 ||| Stepping ~*~*~tactically~*~*~ (hiding).
  1600 | D:2      | 1600 ||| Stepping ~*~*~tactically~*~*~ (hiding).
  1601 | D:2      | 1601 ||| Stepping ~*~*~tactically~*~*~ (hiding).
  1608 | D:2      | Reached skill level 4 in Axes
  1723 | D:2      | 1723 ||| UPGRADING to +0 chain mail.
  1733 | D:2      | 1733 ||| DROPPING +0 scale mail.
  1734 | D:2      | 1734 ||| READING scroll labelled YHUC OCSUOPP.
  1735 | D:2      | 1735 ||| READING 2 scrolls of identify.
  1735 | D:2      | 1735 ||| IDENTIFYING bubbling black potion
  1823 | D:3      | 1823 ||| Stepping ~*~*~tactically~*~*~ (stealth).
  1824 | D:3      | 1824 ||| Stepping ~*~*~tactically~*~*~ (stealth).
  1992 | D:3      | Found an opulent altar of Gozag.
  1992 | D:3      | Found an ancient bone altar of Kikubaaqudgha.
  2011 | D:3      | HP: 4/28 [orc/+0 flail (6)]
  2013 | D:3      | HP: 1/28 [orc/+0 trident (3)]
  2133 | D:3      | 2133 ||| DROPPING +0 mace.
  2206 | D:3      | Found a runed translucent door.
  2207 | D:3      | Noticed Crazy Yiuf
  2809 | D:3      | 2809 ||| UPGRADING to +1 pair of gloves of strength.
  2814 | D:3      | 2814 ||| READING 3 scrolls of identify.
  2814 | D:3      | 2814 ||| IDENTIFYING fizzy cyan potion
  2815 | D:3      | 2815 ||| DROPPING potion of invisibility.
  2908 | D:4      | Reached XP level 5. HP: 32/32 MP: 5/5
  2976 | D:4      | 2976 ||| Stepping ~*~*~tactically~*~*~ (hiding).
  2988 | D:4      | Noticed Robin
  3003 | D:4      | Killed Robin
  3004 | D:4      | Reached skill level 5 in Axes
  3103 | D:4      | Noticed a water moccasin
  3117 | D:4      | Killed a water moccasin
  3118 | D:4      | Reached XP level 6. HP: 32/39 MP: 6/6
  3168 | D:4      | Noticed Pargi
  3195 | D:4      | Killed Pargi
  3262 | D:4      | Found a glowing silver altar of Zin.
  3365 | D:4      | Reached skill level 6 in Axes
  3365 | D:4      | Reached XP level 7. HP: 44/44 MP: 7/7
  3391 | D:4      | 3391 ||| Stepping ~*~*~tactically~*~*~ (stealth).
  3469 | D:4      | Found a shimmering altar of Xom.
  3480 | D:4      | Reached skill level 1 in Dodging
  3665 | D:4      | Found Kiahoaloe's Magic Scroll Boutique.
  3775 | D:4      | 3775 ||| Stepping ~*~*~tactically~*~*~ (stealth).
  3776 | D:4      | 3776 ||| Stepping ~*~*~tactically~*~*~ (stealth).
  3820 | D:4      | 3820 ||| UPGRADING to +0 helmet.
  3825 | D:4      | 3825 ||| UPGRADING to +0 plate armour.
  3835 | D:4      | 3835 ||| DROPPING +0 chain mail.
  3836 | D:4      | 3836 ||| READING scroll labelled UPHUN VAWAN.
  3837 | D:4      | 3837 ||| DRINKING 2 murky orange potions.
  3838 | D:4      | 3838 ||| READING 4 scrolls of identify.
  3838 | D:4      | 3838 ||| IDENTIFYING bubbling purple potion
  3839 | D:4      | 3839 ||| READING 3 scrolls of identify.
  3839 | D:4      | 3839 ||| IDENTIFYING coppery potion
  3873 | D:5      | Entered Level 5 of the Dungeon
  3904 | D:5      | 3904 ||| Stepping ~*~*~tactically~*~*~ (hiding).
  4082 | D:5      | 4082 ||| Stepping ~*~*~tactically~*~*~ (stealth).
  4190 | D:5      | Noticed a yak
  4190 | D:5      | Noticed a yak
  4191 | D:5      | Noticed a yak
  4205 | D:5      | Killed a yak
  4206 | D:5      | Reached skill level 7 in Axes
  4206 | D:5      | Reached XP level 8. HP: 31/48 MP: 8/8
  4208 | D:5      | Killed a yak
  4208 | D:5      | HP: 12/48 [yak (8)]
  4221 | D:5      | HP: 10/51 [yak (7)]
  4222 | D:5      | 4222 ||| READING 2 scrolls of teleportation.
  4225 | D:5      | Killed a yak
  4452 | D:5      | 4452 ||| Stepping ~*~*~tactically~*~*~ (stealth).
  4461 | D:5      | Reached skill level 8 in Axes
  4664 | D:5      | 4664 ||| READING 2 scrolls labelled LETIKU ICIEDU.
  4664 | D:5      | Identified 2 scrolls of acquirement
  4664 | D:5      | 4664 ||| ACQUIRING +2 broad axe of venom
  4664 | D:5      | Acquired a +2 broad axe of venom
  4666 | D:5      | 4666 ||| UPGRADING to +2 broad axe of venom.
  4667 | D:5      | 4667 ||| DROPPING +1 war axe.
  4668 | D:5      | 4668 ||| READING scroll of acquirement.
  4668 | D:5      | 4668 ||| ACQUIRING ring "Ypoygrev" {+Blink rC+++ Int-4
                  | Dex+6 Slay+3}
  4668 | D:5      | Acquired the ring "Ypoygrev" {+Blink rC+++ Int-4 Dex+6
                  | Slay+3}
  4669 | D:5      | 4669 ||| READING scroll labelled IQA KOKKIL.
  4673 | D:5      | 4673 ||| STAIRDANCE
  4674 | D:4      | Found a radiant altar of Vehumet.
  4848 | D:5      | Reached skill level 6 in Fighting
  4923 | D:5      | 4923 ||| UPGRADING to ring "Ypoygrev" {+Blink rC+++ Int-4
                  | Dex+6 Slay+3}.
  4927 | D:5      | 4927 ||| STAIRDANCE
  4931 | D:4      | 4931 ||| BUYING 2 scrolls of identify (52 gold).
  4931 | D:4      | Bought 2 scrolls of identify for 52 gold pieces
  4931 | D:4      | 4931 ||| BUYING scroll of identify (26 gold).
  4931 | D:4      | Bought a scroll of identify for 26 gold pieces
  4931 | D:4      | 4931 ||| BUYING scroll of identify (26 gold).
  4931 | D:4      | Bought a scroll of identify for 26 gold pieces
  4931 | D:4      | 4931 ||| BUYING scroll of identify (26 gold).
  4931 | D:4      | Bought a scroll of identify for 26 gold pieces
  4931 | D:4      | 4931 ||| BUYING scroll of teleportation (39 gold).
  4931 | D:4      | Bought a scroll of teleportation for 39 gold pieces
  5023 | D:6      | Found a staircase to the Ecumenical Temple.
  5024 | D:6      | 5024 ||| PLANNING TEMPLE
  5032 | Temple   | Entered the Ecumenical Temple
  5033 | Temple   | 5033 ||| PLANNING OKAWARU WORSHIP
  5039 | Temple   | Became a worshipper of Warmaster Okawaru
  5040 | Temple   | 5040 ||| PLANNING D:1-11
  5103 | D:6      | Noticed a hornet
  5107 | D:6      | Killed a hornet
  5108 | D:6      | Reached XP level 9. HP: 55/55 MP: 9/9
  5149 | D:6      | 5149 ||| Stepping ~*~*~tactically~*~*~ (hiding).
  5157 | D:6      | 5157 ||| Stepping ~*~*~tactically~*~*~ (hiding).
  5159 | D:6      | 5159 ||| Stepping ~*~*~tactically~*~*~ (hiding).
  5169 | D:6      | 5169 ||| DRINKING 2 potions of curing.
  5169 | D:6      | 5169 ||| (to cure confusion)
  5170 | D:6      | 5170 ||| DRINKING potion of curing.
  5170 | D:6      | 5170 ||| (to cure confusion)
  5191 | D:6      | Found Hodoczas's General Store.
  5293 | D:6      | You fall into a shaft and drop 1 floor!
  5308 | D:7      | Reached skill level 1 in Throwing
  5323 | D:7      | Found a burning altar of Makhleb.
  5392 | D:7      | 5392 ||| READING scroll labelled QYR HEGUNTA.
  5393 | D:7      | 5393 ||| READING scroll labelled ZUCZAR JUNWI.
  5425 | D:6      | Reached * piety under Okawaru
  5480 | D:6      | 5480 ||| INVOKING Heroism.
  5483 | D:6      | Reached skill level 9 in Axes
  5483 | D:6      | Reached skill level 1 in Invocations
  5649 | D:6      | 5649 ||| Stepping ~*~*~tactically~*~*~ (stealth).
  5655 | D:6      | 5655 ||| INVOKING Heroism.
  5794 | D:6      | 5794 ||| DROPPING +0 flail.
  5800 | D:6      | Reached skill level 6 in Armour
  5850 | D:6      | 5850 ||| UPGRADING to +0 pair of boots.
  5855 | D:6      | 5855 ||| READING 10 scrolls of identify.
  5855 | D:6      | 5855 ||| IDENTIFYING yellow potion
  5916 | D:7      | 5916 ||| Stepping ~*~*~tactically~*~*~ (hiding).
  5918 | D:7      | 5918 ||| INVOKING Heroism.
  5992 | D:7      | 5992 ||| INVOKING Heroism.
  5997 | D:7      | Reached skill level 3 in Invocations
  6063 | D:7      | 6063 ||| INVOKING Heroism.
  6066 | D:7      | Reached XP level 10. HP: 63/63 MP: 9/13
  6121 | D:7      | Found a blossoming altar of Fedhas.
  6233 | D:7      | Found a runed translucent gate.
  6238 | D:7      | Found a runed translucent gate.
  6238 | D:7      | Noticed qw's ghost (novice MiHu)
  6238 | D:7      | Noticed qw's ghost (novice MiHu)
  6239 | D:7      | Found a runed translucent gate.
  6239 | D:7      | Noticed qw's ghost (novice NaHu)
  6239 | D:7      | Noticed qw's ghost (novice GrHu)
  6533 | D:7      | 6533 ||| UPGRADING to amulet of faith.
  6538 | D:7      | 6538 ||| DROPPING +6 ring of intelligence.
  6539 | D:7      | 6539 ||| READING scroll labelled GEKAUJEACK.
  6540 | D:7      | 6540 ||| READING 9 scrolls of identify.
  6540 | D:7      | 6540 ||| IDENTIFYING fuming grey potion
  6541 | D:7      | 6541 ||| DROPPING potion of ambrosia.
  6569 | D:8      | Reached skill level 10 in Axes
  6587 | D:8      | Found a broken altar of Ashenzari.
  6668 | D:8      | 6668 ||| READING 8 scrolls of identify.
  6668 | D:8      | 6668 ||| IDENTIFYING grey potion
  6669 | D:8      | 6669 ||| DROPPING potion of brilliance.
  6719 | D:8      | Noticed Maurice
  6723 | D:8      | 6723 ||| INVOKING Heroism.
  6739 | D:8      | Killed Maurice
  6739 | D:8      | Reached ** piety under Okawaru
  6780 | D:8      | 6780 ||| Stepping ~*~*~tactically~*~*~ (stealth).
  6855 | D:8      | 6855 ||| Stepping ~*~*~tactically~*~*~ (stealth).
  6858 | D:8      | 6858 ||| Stepping ~*~*~tactically~*~*~ (stealth).
  6876 | D:8      | 6876 ||| Stepping ~*~*~tactically~*~*~ (stealth).
  7101 | D:8      | 7101 ||| UPGRADING to +0 cloak.
  7135 | D:9      | 7135 ||| INVOKING Heroism.
  7260 | D:9      | 7260 ||| INVOKING Heroism.
  7452 | D:9      | 7452 ||| Stepping ~*~*~tactically~*~*~ (stealth).
  7458 | D:9      | Reached skill level 3 in Throwing
  7549 | D:9      | Noticed an orange demon
  7550 | D:9      | 7550 ||| Stepping ~*~*~tactically~*~*~ (hiding).
  7551 | D:9      | 7551 ||| Stepping ~*~*~tactically~*~*~ (hiding).
  7554 | D:9      | 7554 ||| Stepping ~*~*~tactically~*~*~ (hiding).
  7555 | D:9      | 7555 ||| Stepping ~*~*~tactically~*~*~ (hiding).
  7561 | D:9      | Killed an orange demon
  7561 | D:9      | Reached *** piety under Okawaru
  7669 | D:9      | Noticed Amaemon
  7670 | D:9      | 7670 ||| INVOKING Heroism.
  7683 | D:9      | Killed Amaemon
  7684 | D:9      | Reached skill level 6 in Shields
  7684 | D:9      | Reached XP level 11. HP: 68/68 MP: 12/14
  7847 | D:9      | 7847 ||| READING 7 scrolls of identify.
  7847 | D:9      | 7847 ||| IDENTIFYING fizzy pink potion
  7848 | D:9      | 7848 ||| DROPPING potion of degeneration.
  7863 | D:10     | Entered Level 10 of the Dungeon
  7867 | D:10     | 7867 ||| STAIRDANCE
  7966 | D:10     | 7966 ||| Stepping ~*~*~tactically~*~*~ (hiding).
  7968 | D:10     | 7968 ||| INVOKING Heroism.
  8102 | D:10     | 8102 ||| Stepping ~*~*~tactically~*~*~ (hiding).
  8103 | D:10     | 8103 ||| Stepping ~*~*~tactically~*~*~ (hiding).
  8116 | D:10     | 8116 ||| INVOKING Heroism.
  8127 | D:10     | 8127 ||| Stepping ~*~*~tactically~*~*~ (stealth).
  8129 | D:10     | 8129 ||| INVOKING Heroism.
  8131 | D:10     | 8131 ||| Stepping ~*~*~tactically~*~*~ (stealth).
  8137 | D:10     | 8137 ||| Stepping ~*~*~tactically~*~*~ (stealth).
  8140 | D:10     | 8140 ||| Stepping ~*~*~tactically~*~*~ (hiding).
  8155 | D:10     | 8155 ||| Stepping ~*~*~tactically~*~*~ (stealth).
  8156 | D:10     | 8156 ||| Stepping ~*~*~tactically~*~*~ (stealth).
  8157 | D:10     | 8157 ||| Stepping ~*~*~tactically~*~*~ (stealth).
  8159 | D:10     | 8159 ||| Stepping ~*~*~tactically~*~*~ (stealth).
  8163 | D:10     | 8163 ||| INVOKING Heroism.
  8171 | D:10     | 8171 ||| Stepping ~*~*~tactically~*~*~ (hiding).
  8180 | D:10     | Received a gift from Okawaru
  8201 | D:10     | 8201 ||| DROPPING +0 morningstar.
  8244 | D:10     | Found a staircase to the Orcish Mines.
  8320 | D:10     | Found Cerac's Book Boutique.
  8321 | D:10     | 8321 ||| INVOKING Heroism.
  8355 | D:10     | Noticed a death yak
  8356 | D:10     | 8356 ||| INVOKING Heroism.
  8361 | D:10     | Noticed a death yak
  8362 | D:10     | Noticed a death yak
  8364 | D:10     | Killed a death yak
  8365 | D:10     | Reached skill level 11 in Axes
  8373 | D:10     | Killed a death yak
  8377 | D:10     | Killed a death yak
  8377 | D:10     | Received a gift from Okawaru
  8378 | D:10     | Reached skill level 9 in Fighting
  8419 | D:10     | Found a staircase to the Lair.
  8467 | D:10     | 8467 ||| INVOKING Heroism.
  8530 | D:10     | 8530 ||| Stepping ~*~*~tactically~*~*~ (hiding).
  8659 | D:10     | Found a hide-covered altar of Uskayaw.
  8662 | D:10     | Found a shimmering blue altar of Sif Muna.
  8663 | D:10     | 8663 ||| INVOKING Heroism.
  8984 | D:10     | 8984 ||| INVOKING Heroism.
  9097 | D:10     | 9097 ||| INVOKING Heroism.
  9169 | D:10     | 9169 ||| UPGRADING to +2 heavy broad axe.
  9170 | D:10     | 9170 ||| DROPPING +2 broad axe of venom.
  9187 | D:10     | 9187 ||| PLANNING LAIR
  9187 | D:10     | 9187 ||| READING scroll labelled ZUJUOH GEKKEMN.
  9188 | D:10     | 9188 ||| READING scroll labelled ULAEGR UTIUCEV.
  9189 | D:10     | 9189 ||| READING 7 scrolls of identify.
  9189 | D:10     | 9189 ||| IDENTIFYING white potion
  9202 | Lair:1   | Entered Level 1 of the Lair of Beasts
  9261 | Lair:1   | 9261 ||| INVOKING Heroism.
  9266 | Lair:1   | Reached skill level 9 in Armour
  9271 | Lair:1   | Reached skill level 3 in Dodging
  9303 | Lair:1   | 9303 ||| Stepping ~*~*~tactically~*~*~ (stealth).
  9317 | Lair:1   | Found a frozen archway.
  9320 | Lair:1   | Reached **** piety under Okawaru
  9321 | Lair:1   | 9321 ||| Stepping ~*~*~tactically~*~*~ (stealth).
  9358 | Lair:1   | 9358 ||| INVOKING Heroism.
  9383 | Lair:1   | 9383 ||| INVOKING Heroism.
  9410 | Lair:1   | Reached XP level 12. HP: 64/76 MP: 15/15
  9423 | Lair:1   | 9423 ||| INVOKING Heroism.
  9433 | Lair:1   | Received a gift from Okawaru
  9530 | Lair:1   | Found a dark tunnel.
  9798 | Lair:1   | 9798 ||| READING scroll labelled FIAPRA CONALU.
  9860 | Lair:2   | You fall into a shaft and drop 1 floor!
  9864 | Lair:3   | 9864 ||| Stepping ~*~*~tactically~*~*~ (stealth).
  9867 | Lair:3   | 9867 ||| INVOKING Heroism.
  9870 | Lair:3   | Reached skill level 12 in Axes
  9887 | Lair:3   | Reached skill level 6 in Invocations
  9961 | Lair:2   | Noticed Maggie
  9965 | Lair:2   | 9965 ||| INVOKING Heroism.
  9971 | Lair:2   | Reached ***** piety under Okawaru
  9972 | Lair:2   | Received a gift from Okawaru
  9976 | Lair:2   | Killed Maggie
 10080 | Lair:2   | 10080 ||| DROPPING +4 morningstar of holy wrath.
 10081 | Lair:2   | 10081 ||| DROPPING -2 demon whip of venom.
 10092 | Lair:2   | 10092 ||| INVOKING Heroism.
 10211 | Lair:2   | Found a hole to the Spider Nest.
 10302 | Lair:2   | Identified the +9 trident of Fee Simple {heavy, rC+ rN+
                  | Dex+3}
 10344 | Lair:2   | Noticed a catoblepas
 10345 | Lair:2   | 10345 ||| INVOKING Heroism.
 10347 | Lair:2   | 10347 ||| INVOKING Finesse.
 10358 | Lair:2   | Killed a catoblepas
 10407 | Lair:2   | Found a staircase to the Swamp.
 10474 | Lair:2   | 10474 ||| Stepping ~*~*~tactically~*~*~ (stealth).
 10483 | Lair:2   | 10483 ||| INVOKING Heroism.
 10486 | Lair:2   | Received a gift from Okawaru
 10492 | Lair:2   | Reached skill level 9 in Invocations
 10586 | Lair:2   | 10586 ||| INVOKING Heroism.
 10589 | Lair:2   | Reached XP level 13. HP: 51/82 MP: 16/19
 10706 | Lair:2   | 10706 ||| INVOKING Heroism.
 10967 | Lair:2   | 10967 ||| READING 8 scrolls of identify.
 10967 | Lair:2   | 10967 ||| IDENTIFYING puce potion
 11056 | Lair:3   | 11056 ||| INVOKING Heroism.
 11057 | Lair:3   | 11057 ||| INVOKING Finesse.
 11062 | Lair:3   | Received a gift from Okawaru
 11173 | Lair:3   | Reached skill level 13 in Axes
 11249 | Lair:3   | 11249 ||| INVOKING Heroism.
 11297 | Lair:3   | 11297 ||| INVOKING Heroism.
 11397 | Lair:3   | Received a gift from Okawaru
 11605 | Lair:3   | 11605 ||| INVOKING Heroism.
 11684 | Lair:3   | 11684 ||| INVOKING Heroism.
 11685 | Lair:3   | 11685 ||| INVOKING Finesse.
 11687 | Lair:3   | 11687 ||| SWAPPING to +0 war axe of flaming.
 11726 | Lair:3   | 11726 ||| UPGRADING to +2 heavy broad axe.
 11779 | Lair:3   | 11779 ||| FLEEEEING.
 11780 | Lair:3   | 11780 ||| UPGRADING to +5 ring of evasion.
 11782 | Lair:3   | 11782 ||| INVOKING Heroism.
 11784 | Lair:3   | 11784 ||| INVOKING Finesse.
 11786 | Lair:3   | 11786 ||| SWAPPING to +0 war axe of flaming.
 11821 | Lair:3   | 11821 ||| FLEEEEING.
 11822 | Lair:3   | 11822 ||| FLEEEEING.
 11824 | Lair:3   | 11824 ||| FLEEEEING.
 11825 | Lair:3   | 11825 ||| FLEEEEING.
 11828 | Lair:3   | 11828 ||| FLEEEEING.
 11829 | Lair:3   | 11829 ||| FLEEEEING.
 11833 | Lair:3   | 11833 ||| FLEEEEING.
 11834 | Lair:3   | 11834 ||| FLEEEEING.
 11835 | Lair:3   | 11835 ||| FLEEEEING.
 11836 | Lair:3   | 11836 ||| FLEEEEING.
 11837 | Lair:3   | 11837 ||| STAIRDANCE
 11904 | Lair:2   | 11904 ||| UPGRADING to +2 heavy broad axe.
 11905 | Lair:2   | 11905 ||| DROPPING +4 ring of protection.
 11906 | Lair:2   | 11906 ||| READING 9 scrolls of identify.
 11906 | Lair:2   | 11906 ||| IDENTIFYING sapphire potion
 11909 | Lair:3   | 11909 ||| INVOKING Heroism.
 12268 | Lair:4   | 12268 ||| Stepping ~*~*~tactically~*~*~ (stealth).
 12272 | Lair:4   | 12272 ||| Stepping ~*~*~tactically~*~*~ (stealth).
 12273 | Lair:4   | 12273 ||| Stepping ~*~*~tactically~*~*~ (stealth).
 12407 | Lair:4   | 12407 ||| INVOKING Heroism.
 12408 | Lair:4   | 12408 ||| Stepping ~*~*~tactically~*~*~ (stealth).
 12415 | Lair:4   | Reached skill level 14 in Axes
 12443 | Lair:4   | 12443 ||| INVOKING Heroism.
 12551 | Lair:4   | Noticed Urug
 12552 | Lair:4   | 12552 ||| INVOKING Heroism.
 12553 | Lair:4   | 12553 ||| INVOKING Finesse.
 12560 | Lair:4   | Killed Urug
 12560 | Lair:4   | Received a gift from Okawaru
 12646 | Lair:4   | 12646 ||| INVOKING Heroism.
 12647 | Lair:4   | 12647 ||| INVOKING Finesse.
 12651 | Lair:4   | 12651 ||| SWAPPING to +0 war axe of flaming.
 12664 | Lair:4   | 12664 ||| UPGRADING to +2 heavy broad axe.
 12750 | Lair:4   | 12750 ||| Stepping ~*~*~tactically~*~*~ (stealth).
 13032 | Lair:4   | Gained mutation: Your large and strong wings let you fly.
                  | [Gargoyle growth]
 13032 | Lair:4   | Reached XP level 14. HP: 90/90 MP: 21/21
 13166 | Lair:4   | Found a snail-covered altar of Cheibriados.
 13267 | Lair:4   | Found a viscous altar of Jiyva.
 13267 | Lair:4   | Found a staircase to the Slime Pits.
 13406 | Lair:4   | 13406 ||| DROPPING scarf of shadows.
 13432 | Lair:5   | Entered Level 5 of the Lair of Beasts
 13436 | Lair:5   | 13436 ||| INVOKING Heroism.
 13437 | Lair:5   | 13437 ||| INVOKING Finesse.
 13444 | Lair:5   | 13444 ||| SWAPPING to +0 war axe of flaming.
 13449 | Lair:5   | Identified the +2 pair of boots of Proximity {Str+4}
                  | (Okawaru gifted it to you on level 5 of the Lair of Beasts)
 13449 | Lair:5   | Received a gift from Okawaru
 13467 | Lair:5   | Reached skill level 15 in Axes
 13597 | Lair:5   | 13597 ||| UPGRADING to +2 heavy broad axe.
 13746 | Lair:5   | 13746 ||| INVOKING Heroism.
 13747 | Lair:5   | 13747 ||| INVOKING Finesse.
 13750 | Lair:5   | 13750 ||| INVOKING Finesse.
 13753 | Lair:5   | 13753 ||| Stepping ~*~*~tactically~*~*~ (stealth).
 13755 | Lair:5   | 13755 ||| Stepping ~*~*~tactically~*~*~ (stealth).
 13782 | Lair:5   | 13782 ||| Stepping ~*~*~tactically~*~*~ (stealth).
 13790 | Lair:5   | 13790 ||| INVOKING Heroism.
 13794 | Lair:5   | 13794 ||| Stepping ~*~*~tactically~*~*~ (stealth).
 13807 | Lair:5   | 13807 ||| Stepping ~*~*~tactically~*~*~ (stealth).
 13865 | Lair:5   | 13865 ||| INVOKING Heroism.
 13881 | Lair:5   | Reached skill level 6 in Throwing
 13937 | Lair:5   | 13937 ||| INVOKING Heroism.
 13950 | Lair:5   | Found the +12 glaive of Prune {freeze, Prune}
 13994 | Lair:5   | 13994 ||| INVOKING Heroism.
 14053 | Lair:5   | Reached skill level 12 in Fighting
 14055 | Lair:5   | 14055 ||| INVOKING Heroism.
 14101 | Lair:5   | 14101 ||| Stepping ~*~*~tactically~*~*~ (stealth).
 14102 | Lair:5   | 14102 ||| Stepping ~*~*~tactically~*~*~ (stealth).
 14104 | Lair:5   | 14104 ||| Stepping ~*~*~tactically~*~*~ (hiding).
 14109 | Lair:5   | 14109 ||| INVOKING Heroism.
 14112 | Lair:5   | 14112 ||| Stepping ~*~*~tactically~*~*~ (stealth).
 14254 | Lair:5   | Received a gift from Okawaru
 14555 | Lair:5   | 14555 ||| PLANNING D:1-11
 14555 | Lair:5   | 14555 ||| UPGRADING to +2 pair of boots of Proximity
                  | {Str+4}.
 14565 | Lair:5   | 14565 ||| DROPPING +0 pair of boots.
 14566 | Lair:5   | 14566 ||| UPGRADING to +2 buckler of protection.
 14576 | Lair:5   | 14576 ||| DROPPING +0 buckler.
 14577 | Lair:5   | 14577 ||| DROPPING orb of guile.
 14689 | D:11     | Noticed Psyche
 14694 | D:11     | Killed Psyche
 14718 | D:11     | Noticed Nergalle
 14727 | D:11     | Killed Nergalle
 14762 | D:11     | Identified the +1 helmet of Paranoia {Drain rCorr Int+3}
                  | (Okawaru gifted it to you on level 11 of the Dungeon)
 14762 | D:11     | Received a gift from Okawaru
 14764 | D:11     | 14764 ||| INVOKING Heroism.
 14891 | D:11     | Noticed Sonja
 14897 | D:11     | Killed Sonja
 14912 | D:11     | Reached skill level 16 in Axes
 14916 | D:11     | Reached XP level 15. HP: 95/96 MP: 22/22
 14917 | D:11     | 14917 ||| FLEEEEING.
 14918 | D:11     | 14918 ||| FLEEEEING.
 14919 | D:11     | 14919 ||| FLEEEEING.
 14920 | D:11     | 14920 ||| FLEEEEING.
 14921 | D:11     | 14921 ||| FLEEEEING.
 14922 | D:11     | 14922 ||| FLEEEEING.
 14923 | D:11     | 14923 ||| FLEEEEING.
 14924 | D:11     | 14924 ||| FLEEEEING.
 14925 | D:11     | 14925 ||| FLEEEEING.
 14926 | D:11     | 14926 ||| FLEEEEING.
 14927 | D:11     | 14927 ||| FLEEEEING.
 14928 | D:11     | 14928 ||| FLEEEEING.
 14929 | D:11     | 14929 ||| FLEEEEING.
 14930 | D:11     | 14930 ||| FLEEEEING.
 14931 | D:11     | 14931 ||| FLEEEEING.
 14999 | D:11     | Found Wucouff Zaics's Magic Scroll Boutique.
 15007 | D:11     | 15007 ||| BUYING scroll of enchant armour (75 gold).
 15007 | D:11     | Bought a scroll of enchant armour for 75 gold pieces
 15007 | D:11     | 15007 ||| BUYING scroll of teleportation (30 gold).
 15007 | D:11     | Bought a scroll of teleportation for 30 gold pieces
 15007 | D:11     | 15007 ||| BUYING scroll of teleportation (30 gold).
 15007 | D:11     | Bought a scroll of teleportation for 30 gold pieces
 15007 | D:11     | 15007 ||| BUYING scroll of teleportation (30 gold).
 15007 | D:11     | Bought a scroll of teleportation for 30 gold pieces
 15007 | D:11     | 15007 ||| READING scroll of enchant armour.
 15007 | D:11     | 15007 ||| ENCHANTING +1 pair of gloves of strength.
 15188 | D:11     | 15188 ||| PLANNING D
 15188 | D:11     | 15188 ||| UPGRADING to +1 helmet of Paranoia {Drain rCorr
                  | Int+3}.
 15198 | D:11     | 15198 ||| DROPPING +0 helmet.
 15199 | D:11     | 15199 ||| READING scroll labelled NUIRETHRORHY.
 15384 | D:12     | Found a transporter.
 15446 | D:12     | 15446 ||| Stepping ~*~*~tactically~*~*~ (hiding).
 15771 | D:12     | 15771 ||| INVOKING Heroism.
 16089 | D:12     | Found a transporter.
 16232 | D:12     | 16232 ||| Stepping randomly (stuck).
 16246 | D:13     | 16246 ||| READING scroll of enchant armour.
 16246 | D:13     | 16246 ||| ENCHANTING +0 cloak.
 16347 | D:13     | Reached skill level 12 in Armour
 16530 | D:13     | 16530 ||| Stepping ~*~*~tactically~*~*~ (hiding).
 16538 | D:13     | 16538 ||| Stepping ~*~*~tactically~*~*~ (hiding).
 16550 | D:13     | 16550 ||| INVOKING Heroism.
 16552 | D:13     | 16552 ||| SWAPPING to +0 war axe of flaming.
 16562 | D:13     | 16562 ||| Stepping ~*~*~tactically~*~*~ (stealth).
 16603 | D:13     | 16603 ||| UPGRADING to +2 heavy broad axe.
 16605 | D:13     | 16605 ||| Stepping ~*~*~tactically~*~*~ (stealth).
 16607 | D:13     | 16607 ||| Stepping ~*~*~tactically~*~*~ (stealth).
 16610 | D:13     | 16610 ||| Stepping ~*~*~tactically~*~*~ (stealth).
 16666 | D:13     | 16666 ||| Stepping ~*~*~tactically~*~*~ (hiding).
 16672 | D:13     | 16672 ||| Stepping ~*~*~tactically~*~*~ (hiding).
 16708 | D:13     | Received a gift from Okawaru
 16713 | D:13     | Identified the ring of Rupherabb {rC+ MP+9 Dex+6 Stlth-}
 16716 | D:13     | Identified the ring "Socevvuxy" {rC+ Will+}
 16727 | D:13     | Found a runed translucent door.
 16727 | D:13     | Identified the ring "Texying" {rC++ AC+4 Str-5 Int-3
                  | Slay+6}
 16729 | D:13     | Found a runed translucent door.
 16729 | D:13     | Found a runed translucent door.
 16730 | D:13     | Identified the ring "Egavet" {Fly rElec rPois Str-5 Int+6}
 17000 | D:13     | 17000 ||| Stepping ~*~*~tactically~*~*~ (hiding).
 17249 | D:13     | 17249 ||| DROPPING ring of Rupherabb {rC+ MP+9 Dex+6
                  | Stlth-}.
 17250 | D:13     | 17250 ||| DROPPING ring "Socevvuxy" {rC+ Will+}.
 17251 | D:13     | 17251 ||| UPGRADING to ring "Texying" {rC++ AC+4 Str-5
                  | Int-3 Slay+6}.
 17253 | D:13     | 17253 ||| DROPPING ring "Egavet" {Fly rElec rPois Str-5
                  | Int+6}.
 17316 | D:14     | 17316 ||| Stepping ~*~*~tactically~*~*~ (hiding).
 17317 | D:14     | 17317 ||| Stepping ~*~*~tactically~*~*~ (hiding).
 17319 | D:14     | 17319 ||| Stepping ~*~*~tactically~*~*~ (hiding).
 17330 | D:14     | 17330 ||| Stepping ~*~*~tactically~*~*~ (hiding).
 17396 | D:14     | 17396 ||| Stepping ~*~*~tactically~*~*~ (stealth).
 17417 | D:14     | Found a basalt altar of Yredelemnul.
 17443 | D:14     | 17443 ||| Stepping ~*~*~tactically~*~*~ (stealth).
 17445 | D:14     | 17445 ||| Stepping ~*~*~tactically~*~*~ (stealth).
 17451 | D:14     | 17451 ||| INVOKING Heroism.
 17511 | D:14     | Identified the +1 helmet "Isaixola" {rC- Regen+ MP+9 Int-3}
                  | (Okawaru gifted it to you on level 14 of the Dungeon)
 17511 | D:14     | Received a gift from Okawaru
 17543 | D:14     | Found a gate to the Vaults.
 17659 | D:14     | Reached skill level 17 in Axes
 17680 | D:14     | 17680 ||| Stepping ~*~*~tactically~*~*~ (hiding).
 17782 | D:14     | 17782 ||| Stepping ~*~*~tactically~*~*~ (stealth).
 17784 | D:14     | 17784 ||| Stepping ~*~*~tactically~*~*~ (hiding).
 17908 | D:14     | Noticed Nessos
 17909 | D:14     | 17909 ||| INVOKING Finesse.
 17912 | D:14     | Killed Nessos
 18008 | D:14     | Identified the +7 trident of Ceum {speed, Str+5}
 18011 | D:14     | 18011 ||| Stepping ~*~*~tactically~*~*~ (stealth).
 18015 | D:14     | 18015 ||| INVOKING Heroism.
 18016 | D:14     | 18016 ||| INVOKING Finesse.
 18342 | D:15     | Entered Level 15 of the Dungeon
 18346 | D:15     | 18346 ||| INVOKING Heroism.
 18347 | D:15     | 18347 ||| INVOKING Finesse.
 18350 | D:15     | 18350 ||| SWAPPING to +0 war axe of flaming.
 18397 | D:15     | 18397 ||| UPGRADING to +2 heavy broad axe.
 18454 | D:15     | 18454 ||| FLEEEEING.
 18455 | D:15     | 18455 ||| FLEEEEING.
 18457 | D:15     | 18457 ||| FLEEEEING.
 18468 | D:15     | 18468 ||| Stepping ~*~*~tactically~*~*~ (hiding).
 18625 | D:15     | 18625 ||| Stepping ~*~*~tactically~*~*~ (stealth).
 18698 | D:15     | 18698 ||| Stepping ~*~*~tactically~*~*~ (stealth).
 18700 | D:15     | 18700 ||| INVOKING Heroism.
 18703 | D:15     | 18703 ||| SWAPPING to +0 war axe of flaming.
 18746 | D:15     | 18746 ||| UPGRADING to +2 heavy broad axe.
 18779 | D:15     | 18779 ||| Stepping ~*~*~tactically~*~*~ (stealth).
 18780 | D:15     | 18780 ||| INVOKING Heroism.
 18796 | D:15     | Found a staircase to the Depths.
 18887 | D:15     | Found a stormy altar of Qazlal.
 18979 | D:15     | 18979 ||| INVOKING Heroism.
 18989 | D:15     | Reached XP level 16. HP: 104/104 MP: 21/23
 19238 | D:15     | Found a runed translucent door.
 19238 | D:15     | Noticed MadAsgardian's ghost (journeyman TrMo)
 19289 | D:15     | 19289 ||| Stepping ~*~*~tactically~*~*~ (hiding).
 19292 | D:15     | 19292 ||| Stepping ~*~*~tactically~*~*~ (hiding).
 19293 | D:15     | 19293 ||| Stepping ~*~*~tactically~*~*~ (hiding).
 19295 | D:15     | 19295 ||| INVOKING Heroism.
 19580 | D:15     | 19580 ||| UPGRADING to +0 kite shield.
 19590 | D:15     | 19590 ||| PLANNING ORC
 19590 | D:15     | 19590 ||| DROPPING +2 buckler of protection.
 19718 | Orc:1    | Entered Level 1 of the Orcish Mines
 19733 | Orc:1    | 19733 ||| Stepping ~*~*~tactically~*~*~ (hiding).
 19734 | Orc:1    | 19734 ||| Stepping ~*~*~tactically~*~*~ (hiding).
 19870 | Orc:1    | 19870 ||| Stepping ~*~*~tactically~*~*~ (hiding).
 19878 | Orc:1    | 19878 ||| Stepping ~*~*~tactically~*~*~ (hiding).
 19879 | Orc:1    | 19879 ||| Stepping ~*~*~tactically~*~*~ (hiding).
 19880 | Orc:1    | 19880 ||| Stepping ~*~*~tactically~*~*~ (hiding).
 19881 | Orc:1    | 19881 ||| Stepping ~*~*~tactically~*~*~ (hiding).
 20004 | Orc:1    | 20004 ||| Stepping ~*~*~tactically~*~*~ (stealth).
 20006 | Orc:1    | 20006 ||| Stepping ~*~*~tactically~*~*~ (stealth).
 20010 | Orc:1    | 20010 ||| Stepping ~*~*~tactically~*~*~ (stealth).
 20012 | Orc:1    | 20012 ||| Stepping ~*~*~tactically~*~*~ (hiding).
 20136 | Orc:2    | Entered Level 2 of the Orcish Mines
 20139 | Orc:2    | 20139 ||| INVOKING Heroism.
 20150 | Orc:2    | 20150 ||| INVOKING Heroism.
 20271 | Orc:2    | Reached skill level 9 in Shields
 20390 | Orc:1    | 20390 ||| Stepping ~*~*~tactically~*~*~ (stealth).
 20391 | Orc:1    | 20391 ||| Stepping ~*~*~tactically~*~*~ (stealth).
 20393 | Orc:1    | 20393 ||| Stepping ~*~*~tactically~*~*~ (stealth).
 20394 | Orc:1    | 20394 ||| Stepping ~*~*~tactically~*~*~ (stealth).
 20550 | Orc:2    | Found a transporter.
 20552 | Orc:2    | Noticed qw's ghost (adept GrHu)
 20565 | Orc:2    | Found a staircase to the Elven Halls.
 20587 | Orc:2    | Found a transporter.
 20608 | Orc:2    | Found Fumanyts's Magic Scroll Shoppe.
 20610 | Orc:2    | 20610 ||| INVOKING Heroism.
 20612 | Orc:2    | Found Guofayn's Armour Boutique.
 20612 | Orc:2    | Found Maydwia's Magic Scroll Shoppe.
 20629 | Orc:2    | HP: 20/104 [something (8)]
 20630 | Orc:2    | 20630 ||| READING 12 scrolls of teleportation.
 20631 | Orc:2    | 20631 ||| DRINKING 2 potions of heal wounds.
 20632 | Orc:2    | 20632 ||| DRINKING potion of heal wounds.
 20841 | Orc:2    | Found Unuocs's Assorted Antiques.
 20846 | Orc:2    | 20846 ||| INVOKING Heroism.
 20880 | Orc:2    | 20880 ||| BUYING potion of curing (108 gold).
 20880 | Orc:2    | Bought a potion of curing for 108 gold pieces
 20880 | Orc:2    | 20880 ||| BUYING potion of might (144 gold).
 20880 | Orc:2    | Bought a potion of might for 144 gold pieces
 20890 | Orc:2    | 20890 ||| INVOKING Heroism.
 20893 | Orc:2    | 20893 ||| BUYING scroll of enchant armour (82 gold).
 20893 | Orc:2    | Bought a scroll of enchant armour for 82 gold pieces
 20893 | Orc:2    | 20893 ||| BUYING scroll of teleportation (33 gold).
 20893 | Orc:2    | Bought a scroll of teleportation for 33 gold pieces
 20893 | Orc:2    | 20893 ||| BUYING scroll of teleportation (33 gold).
 20893 | Orc:2    | Bought a scroll of teleportation for 33 gold pieces
 20893 | Orc:2    | 20893 ||| BUYING scroll of teleportation (33 gold).
 20893 | Orc:2    | Bought a scroll of teleportation for 33 gold pieces
 20893 | Orc:2    | 20893 ||| BUYING scroll of teleportation (33 gold).
 20893 | Orc:2    | Bought a scroll of teleportation for 33 gold pieces
 20903 | Orc:2    | 20903 ||| READING scroll of enchant armour.
 20903 | Orc:2    | 20903 ||| ENCHANTING +1 cloak.
 20914 | Orc:2    | 20914 ||| BUYING +2 cloak of Ignis {rF- rN+ rCorr} (388
                  | gold).
 20914 | Orc:2    | Bought the +2 cloak of Ignis {rF- rN+ rCorr} for 388 gold
                  | pieces
 20919 | Orc:2    | 20919 ||| BUYING scroll of enchant weapon (75 gold).
 20919 | Orc:2    | Bought a scroll of enchant weapon for 75 gold pieces
 20919 | Orc:2    | 20919 ||| BUYING scroll of teleportation (30 gold).
 20919 | Orc:2    | Bought a scroll of teleportation for 30 gold pieces
 20919 | Orc:2    | 20919 ||| READING scroll of enchant weapon.
 20919 | Orc:2    | 20919 ||| ENCHANTING +2 heavy broad axe.
 20966 | Orc:2    | 20966 ||| Stepping ~*~*~tactically~*~*~ (hiding).
 20967 | Orc:2    | 20967 ||| Stepping ~*~*~tactically~*~*~ (hiding).
 21237 | Orc:2    | 21237 ||| INVOKING Heroism.
 21247 | Orc:2    | Received a gift from Okawaru
 21293 | Orc:1    | 21293 ||| Stepping ~*~*~tactically~*~*~ (hiding).
 21294 | Orc:1    | 21294 ||| Stepping ~*~*~tactically~*~*~ (hiding).
 21298 | Orc:1    | 21298 ||| Stepping ~*~*~tactically~*~*~ (hiding).
 21300 | Orc:1    | 21300 ||| Stepping ~*~*~tactically~*~*~ (hiding).
 21540 | Orc:2    | 21540 ||| PLANNING SWAMP:1-3
 21671 | Swamp:1  | Entered Level 1 of the Swamp
 21674 | Swamp:1  | 21674 ||| INVOKING Heroism.
 21691 | Swamp:1  | Noticed Josephine
 21697 | Swamp:1  | Killed Josephine
 21702 | Swamp:1  | Received a gift from Okawaru
 21712 | Swamp:1  | Reached skill level 12 in Shields
 21921 | Swamp:1  | Received a gift from Okawaru
 21925 | Swamp:1  | 21925 ||| Stepping ~*~*~tactically~*~*~ (hiding).
 21926 | Swamp:1  | 21926 ||| Stepping ~*~*~tactically~*~*~ (hiding).
 21927 | Swamp:1  | 21927 ||| INVOKING Heroism.
 21941 | Swamp:1  | 21941 ||| Stepping ~*~*~tactically~*~*~ (stealth).
 21946 | Swamp:1  | 21946 ||| Stepping ~*~*~tactically~*~*~ (stealth).
 21954 | Swamp:1  | 21954 ||| Stepping ~*~*~tactically~*~*~ (stealth).
 21956 | Swamp:1  | 21956 ||| Stepping ~*~*~tactically~*~*~ (stealth).
 21960 | Swamp:1  | 21960 ||| Stepping ~*~*~tactically~*~*~ (stealth).
 22189 | Swamp:1  | 22189 ||| DROPPING amulet of magic regeneration.
 22225 | Swamp:2  | 22225 ||| Stepping ~*~*~tactically~*~*~ (hiding).
 22232 | Swamp:2  | Identified the +6 broad axe "Tykicrela" {heavy, rElec}
                  | (Okawaru gifted it to you on level 2 of the Swamp)
 22232 | Swamp:2  | Received a gift from Okawaru
 22252 | Swamp:2  | 22252 ||| Stepping ~*~*~tactically~*~*~ (stealth).
 22254 | Swamp:2  | 22254 ||| Stepping ~*~*~tactically~*~*~ (hiding).
 22288 | Swamp:2  | 22288 ||| UPGRADING to +6 broad axe "Tykicrela" {heavy,
                  | rElec}.
 22307 | Swamp:2  | 22307 ||| INVOKING Heroism.
 22308 | Swamp:2  | 22308 ||| INVOKING Finesse.
 22354 | Swamp:2  | Noticed Jorgrun
 22355 | Swamp:2  | 22355 ||| INVOKING Heroism.
 22366 | Swamp:2  | 22366 ||| INVOKING Finesse.
 22369 | Swamp:2  | Killed Jorgrun
 22371 | Swamp:2  | 22371 ||| Stepping ~*~*~tactically~*~*~ (cloud).
 22445 | Swamp:2  | 22445 ||| INVOKING Heroism.
 22446 | Swamp:2  | 22446 ||| INVOKING Finesse.
 22449 | Swamp:2  | 22449 ||| SWAPPING to +0 war axe of flaming.
 22453 | Swamp:2  | 22453 ||| UPGRADING to +3 heavy broad axe.
 22454 | Swamp:2  | 22454 ||| UPGRADING to +6 broad axe "Tykicrela" {heavy,
                  | rElec}.
 22497 | Swamp:2  | 22497 ||| Stepping ~*~*~tactically~*~*~ (hiding).
 22504 | Swamp:2  | 22504 ||| Stepping ~*~*~tactically~*~*~ (hiding).
 22523 | Swamp:2  | 22523 ||| INVOKING Heroism.
 22669 | Swamp:2  | 22669 ||| INVOKING Heroism.
 22832 | Swamp:2  | 22832 ||| Stepping ~*~*~tactically~*~*~ (hiding).
 23063 | Swamp:2  | 23063 ||| Stepping ~*~*~tactically~*~*~ (hiding).
 23180 | Swamp:3  | 23180 ||| INVOKING Heroism.
 23186 | Swamp:3  | Reached XP level 17. HP: 99/108 MP: 22/24
 23285 | Swamp:3  | 23285 ||| Stepping ~*~*~tactically~*~*~ (hiding).
 23287 | Swamp:3  | 23287 ||| INVOKING Heroism.
 23375 | Swamp:3  | 23375 ||| Stepping ~*~*~tactically~*~*~ (hiding).
 23376 | Swamp:3  | 23376 ||| Stepping ~*~*~tactically~*~*~ (hiding).
 23379 | Swamp:3  | 23379 ||| Stepping ~*~*~tactically~*~*~ (hiding).
 23382 | Swamp:3  | 23382 ||| INVOKING Heroism.
 23442 | Swamp:3  | 23442 ||| Stepping ~*~*~tactically~*~*~ (hiding).
 23444 | Swamp:3  | 23444 ||| Stepping ~*~*~tactically~*~*~ (hiding).
 23561 | Swamp:3  | Noticed Mara
 23563 | Swamp:3  | 23563 ||| INVOKING Heroism.
 23569 | Swamp:3  | 23569 ||| SWAPPING to +0 war axe of flaming.
 23579 | Swamp:3  | Noticed qw's illusion
 23595 | Swamp:3  | HP: 22/108 [qw's illusion (illusionary)[Mara] (10)]
 23596 | Swamp:3  | 23596 ||| READING 16 scrolls of teleportation.
 23596 | Swamp:3  | HP: 9/108 [qw's illusion (illusionary)[Mara] (3)]
 23858 | Swamp:3  | 23858 ||| UPGRADING to +3 heavy broad axe.
 23859 | Swamp:3  | 23859 ||| UPGRADING to +6 broad axe "Tykicrela" {heavy,
                  | rElec}.
 23877 | Swamp:3  | 23877 ||| INVOKING Heroism.
 23882 | Swamp:3  | Reached skill level 18 in Axes
 23939 | Swamp:3  | 23939 ||| INVOKING Heroism.
 23951 | Swamp:3  | Noticed qw's illusion
 23957 | Swamp:3  | Killed Mara
 24106 | Swamp:3  | 24106 ||| Stepping ~*~*~tactically~*~*~ (hiding).
 24107 | Swamp:3  | 24107 ||| Stepping ~*~*~tactically~*~*~ (hiding).
 24357 | Swamp:3  | 24357 ||| PLANNING SPIDER:1-3
 24357 | Swamp:3  | 24357 ||| READING scroll labelled LECARAU PIAN.
 24358 | Swamp:3  | 24358 ||| READING 21 scrolls of identify.
 24358 | Swamp:3  | 24358 ||| IDENTIFYING sedimented blue potion
 24359 | Swamp:3  | 24359 ||| DROPPING potion of enlightenment.
 24451 | Spider:1 | Entered Level 1 of the Spider Nest
 24511 | Spider:1 | 24511 ||| Stepping ~*~*~tactically~*~*~ (stealth).
 24513 | Spider:1 | 24513 ||| INVOKING Heroism.
 24775 | Spider:1 | 24775 ||| INVOKING Heroism.
 24919 | Spider:1 | 24919 ||| Stepping ~*~*~tactically~*~*~ (stealth).
 24933 | Spider:1 | 24933 ||| INVOKING Heroism.
 24939 | Spider:1 | 24939 ||| Stepping ~*~*~tactically~*~*~ (hiding).
 25016 | Spider:1 | 25016 ||| Stepping ~*~*~tactically~*~*~ (stealth).
 25036 | Spider:1 | 25036 ||| FLEEEEING.
 25039 | Spider:1 | 25039 ||| FLEEEEING.
 25041 | Spider:1 | 25041 ||| FLEEEEING.
 25042 | Spider:1 | 25042 ||| FLEEEEING.
 25043 | Spider:1 | 25043 ||| FLEEEEING.
 25044 | Spider:1 | 25044 ||| FLEEEEING.
 25045 | Spider:1 | 25045 ||| FLEEEEING.
 25046 | Spider:1 | 25046 ||| FLEEEEING.
 25047 | Spider:1 | Received a gift from Okawaru
 25142 | Spider:1 | 25142 ||| Stepping ~*~*~tactically~*~*~ (hiding).
 25147 | Spider:1 | 25147 ||| INVOKING Finesse.
 25195 | Spider:1 | 25195 ||| Stepping ~*~*~tactically~*~*~ (stealth).
 25275 | Spider:1 | 25275 ||| INVOKING Finesse.
 25278 | Spider:1 | 25278 ||| Stepping ~*~*~tactically~*~*~ (hiding).
 25375 | Spider:1 | 25375 ||| Stepping ~*~*~tactically~*~*~ (hiding).
 25408 | Spider:1 | 25408 ||| Stepping ~*~*~tactically~*~*~ (stealth).
 25410 | Spider:1 | 25410 ||| Stepping ~*~*~tactically~*~*~ (stealth).
 25415 | Spider:1 | 25415 ||| Stepping ~*~*~tactically~*~*~ (stealth).
 25417 | Spider:1 | 25417 ||| Stepping ~*~*~tactically~*~*~ (stealth).
 25735 | Spider:1 | 25735 ||| DROPPING +1 hat.
 25736 | Spider:1 | 25736 ||| DROPPING scarf of invisibility.
 25756 | Spider:2 | 25756 ||| Stepping ~*~*~tactically~*~*~ (hiding).
 25765 | Spider:2 | Received a gift from Okawaru
 25773 | Spider:2 | 25773 ||| INVOKING Heroism.
 25802 | Spider:2 | 25802 ||| INVOKING Heroism.
 25947 | Spider:2 | 25947 ||| FLEEEEING.
 25948 | Spider:2 | 25948 ||| FLEEEEING.
 25949 | Spider:2 | 25949 ||| FLEEEEING.
 25950 | Spider:2 | 25950 ||| FLEEEEING.
 25951 | Spider:2 | 25951 ||| FLEEEEING.
 25952 | Spider:2 | 25952 ||| FLEEEEING.
 25953 | Spider:2 | 25953 ||| FLEEEEING.
 25954 | Spider:2 | 25954 ||| FLEEEEING.
 25955 | Spider:2 | 25955 ||| FLEEEEING.
 25956 | Spider:2 | 25956 ||| FLEEEEING.
 25957 | Spider:2 | 25957 ||| FLEEEEING.
 25958 | Spider:2 | 25958 ||| FLEEEEING.
 25959 | Spider:2 | 25959 ||| FLEEEEING.
 25960 | Spider:2 | 25960 ||| FLEEEEING.
 25961 | Spider:2 | 25961 ||| STAIRDANCE
 25964 | Spider:2 | Noticed Mlioglotl
 25965 | Spider:2 | 25965 ||| STAIRDANCE
 25976 | Spider:2 | 25976 ||| INVOKING Heroism.
 25981 | Spider:2 | 25981 ||| STAIRDANCE
 25983 | Spider:1 | 25983 ||| DRINKING 9 potions of curing.
 25983 | Spider:1 | 25983 ||| (to cure confusion)
 25989 | Spider:1 | Killed Mlioglotl
 26085 | Spider:2 | 26085 ||| INVOKING Heroism.
 26157 | Spider:2 | 26157 ||| INVOKING Heroism.
 26261 | Spider:2 | 26261 ||| Stepping ~*~*~tactically~*~*~ (stealth).
 26270 | Spider:2 | Received a gift from Okawaru
 26399 | Spider:2 | 26399 ||| Stepping ~*~*~tactically~*~*~ (stealth).
 26401 | Spider:2 | 26401 ||| Stepping ~*~*~tactically~*~*~ (hiding).
 26648 | Spider:2 | 26648 ||| Stepping ~*~*~tactically~*~*~ (stealth).
 26669 | Spider:2 | 26669 ||| INVOKING Heroism.
 26704 | Spider:2 | Received a gift from Okawaru
 26813 | Spider:2 | Reached skill level 15 in Fighting
 26814 | Spider:2 | 26814 ||| Stepping ~*~*~tactically~*~*~ (stealth).
 26815 | Spider:2 | 26815 ||| Stepping ~*~*~tactically~*~*~ (stealth).
 26939 | Spider:3 | Identified the +7 orcbow "Sidu" {freeze, rElec rPois rC+}
 26972 | Spider:3 | 26972 ||| Stepping ~*~*~tactically~*~*~ (stealth).
 26975 | Spider:3 | 26975 ||| Stepping ~*~*~tactically~*~*~ (hiding).
 26976 | Spider:3 | 26976 ||| Stepping ~*~*~tactically~*~*~ (hiding).
 27100 | Spider:3 | Reached XP level 18. HP: 119/119 MP: 25/25
 27100 | Spider:3 | 27100 ||| DROPPING +0 war axe of flaming.
 27136 | Spider:3 | 27136 ||| Stepping ~*~*~tactically~*~*~ (stealth).
 27138 | Spider:3 | 27138 ||| Stepping ~*~*~tactically~*~*~ (stealth).
 27162 | Spider:3 | 27162 ||| Stepping ~*~*~tactically~*~*~ (stealth).
 27168 | Spider:3 | 27168 ||| Stepping ~*~*~tactically~*~*~ (stealth).
 27170 | Spider:3 | 27170 ||| INVOKING Heroism.
 27184 | Spider:3 | 27184 ||| INVOKING Finesse.
 27187 | Spider:3 | Received a gift from Okawaru
 27189 | Spider:3 | 27189 ||| INVOKING Heroism.
 27189 | Spider:3 | HP: 25/119 [meliai/divine providence (10)]
 27190 | Spider:3 | 27190 ||| READING 17 scrolls of teleportation.
 27194 | Spider:3 | 27194 ||| READING 16 scrolls of teleportation.
 27194 | Spider:3 | HP: 9/119 [meliai/divine providence (9)]
 27200 | Spider:3 | 27200 ||| Stepping ~*~*~tactically~*~*~ (stealth).
 27212 | Spider:3 | 27212 ||| Stepping ~*~*~tactically~*~*~ (stealth).
 27216 | Spider:3 | 27216 ||| FLEEEEING.
 27217 | Spider:3 | 27217 ||| READING 15 scrolls of teleportation.
 27222 | Spider:3 | 27222 ||| READING 14 scrolls of teleportation.
 27259 | Spider:3 | 27259 ||| INVOKING Heroism.
 27271 | Spider:3 | 27271 ||| Stepping ~*~*~tactically~*~*~ (stealth).
 27295 | Spider:3 | 27295 ||| Stepping ~*~*~tactically~*~*~ (stealth).
 27297 | Spider:3 | 27297 ||| Stepping ~*~*~tactically~*~*~ (stealth).
 27303 | Spider:3 | HP: 22/119 [meliai/divine providence (11)]
 27303 | Spider:3 | HP: 8/119 [meliai/divine providence (14)]
 27304 | Spider:3 | 27304 ||| READING 13 scrolls of teleportation.
 27306 | Spider:3 | Reached skill level 15 in Armour
 27326 | Spider:3 | 27326 ||| READING 12 scrolls of teleportation.
 27327 | Spider:3 | 27327 ||| INVOKING Heroism.
 27340 | Spider:3 | 27340 ||| READING 11 scrolls of teleportation.
 27404 | Spider:3 | 27404 ||| INVOKING Heroism.
 27405 | Spider:3 | 27405 ||| INVOKING Finesse.
 27464 | Spider:3 | 27464 ||| Stepping ~*~*~tactically~*~*~ (stealth).
 27469 | Spider:3 | 27469 ||| INVOKING Heroism.
 27545 | Spider:3 | 27545 ||| Stepping ~*~*~tactically~*~*~ (stealth).
 27549 | Spider:3 | 27549 ||| Stepping ~*~*~tactically~*~*~ (stealth).
 27550 | Spider:3 | 27550 ||| Stepping ~*~*~tactically~*~*~ (stealth).
 27551 | Spider:3 | 27551 ||| Stepping ~*~*~tactically~*~*~ (stealth).
 27558 | Spider:3 | 27558 ||| Stepping ~*~*~tactically~*~*~ (stealth).
 27585 | Spider:3 | 27585 ||| Stepping ~*~*~tactically~*~*~ (stealth).
 27611 | Spider:3 | 27611 ||| DROPPING +1 broad axe of venom.
 27621 | Spider:3 | 27621 ||| Stepping ~*~*~tactically~*~*~ (stealth).
 27629 | Spider:3 | 27629 ||| Stepping ~*~*~tactically~*~*~ (hiding).
 27630 | Spider:3 | 27630 ||| Stepping ~*~*~tactically~*~*~ (hiding).
 28180 | Spider:3 | 28180 ||| PLANNING SWAMP:4
 28302 | Swamp:4  | Entered Level 4 of the Swamp
 28316 | Swamp:4  | 28316 ||| Stepping ~*~*~tactically~*~*~ (cloud).
 28319 | Swamp:4  | 28319 ||| FLEEEEING.
 28320 | Swamp:4  | 28320 ||| FLEEEEING.
 28321 | Swamp:4  | 28321 ||| INVOKING Heroism.
 28332 | Swamp:4  | Reached skill level 6 in Dodging
 28334 | Swamp:4  | HP: 20/119 [spriggan rider/+0 spear (12)]
 28335 | Swamp:4  | 28335 ||| READING 10 scrolls of teleportation.
 28336 | Swamp:4  | Noticed qw's ghost (adept GrFi)
 28336 | Swamp:4  | Found a transporter.
 28337 | Swamp:4  | Slain by a spriggan rider

Levels and vault maps discovered:
D:1:      dpeg_arrival_radiant, layout_loops_ring
D:2:      layout_basic, nicolae_the_louvre
D:3:      layout_basic, gammafunk_temple_overflow_elements, solitary_fountain,
          kennysheep_generic_room_15, uniq_crazy_yiuf_cottage
D:4:      layout_rooms, mainiacjoe_overflow_cross_hatched,
          nicolae_overflow_hidden_temple, kennysheep_diamond,
          nicolae_take_the_stairs, grunt_ministairs_3, uniq_pargi, uniq_robin
D:5:      layout_basic
D:6:      layout_loops_cross, minmay_temple_entry_statues_pillars, serial_shops,
          nicolae_shop_back_alley_shop
D:7:      layout_basic, fedhas_altar_2, mainiacjoe_overflow_surrounded_room,
          gammafunk_ghost_cemetery
D:8:      layout_rooms, mainiacjoe_overflow_brackets, minmay_checkerbox,
          uniq_maurice
D:9:      layout_rooms, grunt_decor_one_mirror, uniq_amaemon
D:10:     hellmonk_crumbling_castle, layout_cave_pools,
          nicolae_overflow_squiral, dpeg_lair_monsters, david_orc_4,
          serial_shops, nicolae_lakefront_shop
D:11:     layout_big_octagon, serial_shops, shop, uniq_nergalle, uniq_sonja,
          uniq_psyche
D:12:     layout_cave_pods, nicolae_diode_stairs
D:13:     minmay_the_grid_triangle_9x9_recursive_2_mashed
          [minmay_the_grid_triangle_9x9_prize_special,
          minmay_the_grid_triangle_9x9_pentomino_pain,
          minmay_the_grid_triangle_9x9_fully_insulated_deathbox,
          minmay_the_grid_triangle_9x9_impossible_snake], layout_basic
D:14:     minmay_bloctagon_deflated, layout_loops_ring, erik_vaults_1,
          yredelemnul_altar_generic, uniq_nessos
D:15:     gammafunk_depths_entry_grave, layout_cave_pods, grunt_decor_junction,
          serial_glass, glass_columns_b, glass_columns_c,
          hellmonk_ghost_happy_afterlife, nicolae_qazlal_general_emergency
Temple:   nicolae_temple_no_exploring_needed
Lair:1:   layout_hall_layers, enter_volcano_4,
          portal_ice_cave_entry_ice_simulacra, grunt_megastairs_2
Lair:2:   layout_hall_layers, skrybe_swamp_entry_bodies,
          spider_nest_entry_web_field, beast_lair_carwin_6, uniq_maggie
Lair:3:   layout_roguey, minmay_shattered_shrine
Lair:4:   layout_layer_cave, dpeg_slime_entry_enclosed, basic_altar,
          infiniplex_staircase_pool, grunt_megastairs_4, uniq_urug
Lair:5:   minmay_lair_end_enchanted_forest, layout_gridlike,
          nicolae_lair_yak_garden
Swamp:1:  layout_falls_marsh, hangedman_swamp_ruin_wall, uniq_josephine
Swamp:2:  layout_basic_swamp, evilmike_swamp_ruin_house_2, swamp_pool1,
          uniq_jorgrun
Swamp:3:  layout_basic_swamp, evilmike_swamp_ruin_house_5,
          infiniplex_staircase_pool_2, uniq_mara
Swamp:4:  swamp_old_school, layout_basic_swamp, gammafunk_ghost_arena
Spider:1: nicolae_spider_hilbert_zone_4 [nicolae_spider_hilbert_4_sides_2_open,
          nicolae_spider_hilbert_4_sides_1_open,
          nicolae_spider_hilbert_4_sides_1_open,
          nicolae_spider_hilbert_4_sides_1_open,
          nicolae_spider_hilbert_4_sides_1_open,
          nicolae_spider_hilbert_2_sides_1_open,
          nicolae_spider_hilbert_2_sides_1_open,
          nicolae_spider_hilbert_2_sides_1_open,
          nicolae_spider_hilbert_2_sides_1_open,
          nicolae_spider_hilbert_6_sides_1_open,
          nicolae_spider_hilbert_6_sides_1_open,
          nicolae_spider_hilbert_3_sides_1_open,
          nicolae_spider_hilbert_3_sides_1_open],
          nicolae_spider_baby_got_redback
Spider:2: layout_spider_delve, nicolae_spider_undead_wolf_pack, uniq_mlioglotl
Spider:3: layout_spider_delve, nicolae_spider_paper_wasps
Orc:1:    layout_diamond_mine
Orc:2:    st_orc_open, layout_caves, gammafunk_ghost_berserking_beasts

Skill      XL: |  1  2  3  4  5  6  7  8  9 10 11 12 13 14 15 16 17 18 |
---------------+-------------------------------------------------------+-----
Axes           | 2 3 4 5 6 7 8 9 10 11 12 14 16 17 18 | 18.0
Fighting       | 4 6 7 8 9 10 11 12 13 15 | 15.0
Dodging        | 1 2 3 4 5 6 |  6.0
Armour         | 4 5 6 8 9 11 13 14 15 | 15.0
Throwing       | 2 3 4 5 6 7 |  7.2
Invocations    | 4 9 10 | 10.0
Shields        | 4 6 7 8 13 14 | 14.4

Action                     |  1- 3 |  4- 6 |  7- 9 | 10-12 | 13-15 | 16-18 || total
---------------------------+-------+-------+-------+-------+-------+-------++-------
  Melee: War axe           |   110 |   171 |   150 |       |   108 |    35 ||   574
         Broad axe         |       |       |    86 |   261 |   405 |   606 ||  1358
  Throw: Javelin           |       |       |    20 |    86 |   222 |   138 ||   466
         Boomerang         |       |       |       |    25 |    18 |    62 ||   105
 Invoke: Heroism           |       |       |     5 |    24 |    29 |    36 ||    94
         Finesse           |       |       |       |     1 |    10 |     7 ||    18
    Use: Scroll            |     4 |     3 |    10 |     8 |     5 |    14 ||    44
         Potion            |     1 |       |     3 |       |       |     3 ||     7
 Armour: Scale mail        |    37 |    32 |       |       |       |       ||    69
         Chain mail        |       |   124 |    39 |       |       |       ||   163
         Plate armour      |       |       |   125 |   179 |   306 |   498 ||  1108
  Dodge: Dodged            |    43 |    93 |    78 |   104 |   277 |   304 ||   899
  Block: Buckler           |    14 |    39 |    43 |    70 |   192 |     7 ||   365
         Kite shield       |       |       |       |       |       |   446 ||   446

Table legend:
 A = Non-vault XP
 B = Vault XP
 C = Vault XP percentage of total XP
 D = Non-vault monster count
 E = Vault monster count
 F = Vault count percentage of total count
                 A         B        C        D         E       F
            +---------+---------+-------+---------+---------+-------
      Total |  173236 |   92721 |  34.9 |     661 |     255 |  27.8
            +---------+---------+-------+---------+---------+-------
        D:1 |      47 |       0 |   0.0 |      26 |       0 |   0.0
        D:2 |      67 |       0 |   0.0 |      22 |       0 |   0.0
        D:3 |      47 |       1 |   2.1 |      13 |       1 |   7.1
        D:4 |     476 |     181 |  27.5 |      18 |      18 |  50.0
        D:5 |    1456 |       0 |   0.0 |      19 |       0 |   0.0
        D:6 |    1420 |       0 |   0.0 |      19 |       0 |   0.0
        D:7 |    1578 |       0 |   0.0 |      21 |       0 |   0.0
        D:8 |     534 |     854 |  61.5 |       9 |       5 |  35.7
        D:9 |    1930 |    1184 |  38.0 |      16 |       2 |  11.1
       D:10 |    1768 |    3332 |  65.3 |      10 |      22 |  68.8
       D:11 |    3971 |    1923 |  32.6 |      18 |       3 |  14.3
       D:12 |    6218 |       0 |   0.0 |      17 |       0 |   0.0
       D:13 |    4602 |    5045 |  52.3 |      10 |      11 |  52.4
       D:14 |   10036 |    4384 |  30.4 |      27 |       7 |  20.6
       D:15 |   13734 |    4295 |  23.8 |      25 |       8 |  24.2
     Lair:1 |    2645 |    1963 |  42.6 |      14 |      10 |  41.7
     Lair:2 |    7759 |    3112 |  28.6 |      23 |      11 |  32.4
     Lair:3 |    5556 |    6712 |  54.7 |      22 |      13 |  37.1
     Lair:4 |    7614 |    5700 |  42.8 |      30 |      15 |  33.3
     Lair:5 |   14738 |   10749 |  42.2 |      42 |      44 |  51.2
    Swamp:1 |   10013 |    1538 |  13.3 |      21 |       4 |  16.0
    Swamp:2 |   12776 |    1149 |   8.3 |      23 |       1 |   4.2
    Swamp:3 |    9079 |    4394 |  32.6 |      19 |       1 |   5.0
    Swamp:4 |    5238 |     864 |  14.2 |       8 |       1 |  11.1
   Spider:1 |   10539 |   10607 |  50.2 |      28 |      26 |  48.1
   Spider:2 |   16177 |    7626 |  32.0 |      35 |      14 |  28.6
   Spider:3 |   17979 |    2859 |  13.7 |      50 |       3 |   5.7
      Orc:1 |    2211 |       0 |   0.0 |      29 |       0 |   0.0
      Orc:2 |    3028 |   14249 |  82.5 |      47 |      35 |  42.7
            +---------+---------+-------+---------+---------+-------
